 Dungeon Crawl Stone Soup version 0.26-a0-649-gf8c6c3aab7 (webtiles) character file.

Game seed: 1709537974374552772

3785 oldriver the Arsonist (level 10, -2/51 HPs)
             Began as a Gargoyle Fire Elementalist on Sept 26, 2020.
             Was a Believer of Vehumet.
             Slain by a two-headed ogre
             ... wielding a +0 giant club
              (11 damage)
             ... on level 8 of the Dungeon.
             The game lasted 00:24:08 (10444 turns).

oldriver the Arsonist (Gargoyle Fire Elementalist) Turns: 10444, Time: 00:24:09

Health: -2/51      AC: 10    Str: 12    XL:     10   Next: 16%
Magic:  7/22       EV: 12    Int: 19    God:    Vehumet [**....]
Gold:   419        SH:  0    Dex: 10    Spells: 11/25 levels left

rFire    + . .     SeeInvis .   g - +2 dagger (venom)
rCold    + + .     Faith    +   (no shield)
rNeg     + . .     Spirit   .   a - +0 robe
rPois    ∞         Reflect  .   (no helmet)
rElec    +         Harm     .   o - scarf {rC+ rF+}
rCorr    .         Rampage  .   n - +0 pair of gloves (curse)
MR       .....                  (no boots)
Stlth    +++.......             m - amulet of faith
HPRegen  0.17/turn              i - ring of stealth
MPRegen  0.18/turn              f - ring of protection from cold

@: no status effects
A: negative energy resistance 1, electricity resistance, unbreathing,
petrification resistance, rot immunity, AC +7
a: Renounce Religion


You were on level 8 of the Dungeon.
You worshipped Vehumet.
Vehumet was pleased with you.
You visited 2 branches of the dungeon, and saw 9 of its levels.
You also visited: Ossuary.

You collected 419 gold pieces.

Inventory:

Hand Weapons
 g - a +2 dagger of venom (weapon)
Armour
 a - a +0 robe (worn)
 n - a cursed +0 pair of gloves (worn)
 o - a scarf of resistance (worn)
Jewellery
 b - an uncursed ring of ice
 f - a ring of protection from cold (right hand)
 i - a ring of stealth (left hand)
 m - an amulet of faith (around neck)
Wands
 h - a wand of flame (41)
 t - a wand of acid (11)
 u - a wand of iceblast (9)
Scrolls
 c - 2 scrolls of magic mapping
 d - 11 scrolls of identify
 j - 2 scrolls of remove curse
 p - 3 scrolls of enchant armour {unknown}
 s - a scroll of enchant weapon {unknown}
 y - a scroll of brand weapon {unknown}
 A - a scroll of immolation {unknown}
 C - a scroll of amnesia
Potions
 e - a potion of stabbing {unknown}
 k - 4 potions of heal wounds
 l - 4 potions of curing {unknown}
 q - 3 potions of magic {unknown}
 r - a potion of resistance {unknown}
 v - a potion of cancellation {unknown}
 w - a potion of flight {unknown}
 x - a potion of brilliance {unknown}
 z - a potion of mutation {unknown}
 B - a potion of degeneration {unknown}


   Skills:
 + Level 0.5 Fighting
 + Level 0.1 Short Blades
 + Level 2.5 Dodging
 + Level 3.4 Stealth
 + Level 0.8 Unarmed Combat
 * Level 8.1 Spellcasting
 * Level 8.1 Conjurations
 * Level 8.6 Fire Magic


You had 11 spell levels left.
You knew the following spells:

 Your Spells              Type           Power        Failure   Level
a - Foxfire               Conj/Fire      ####         1%          1
b - Conjure Flame         Conj/Fire      #####...     1%          3
c - Sticky Flame          Conj/Fire      #####...     3%          4
d - Fireball              Conj/Fire      #####.....   9%          5
e - Shock                 Conj/Air       ###.         1%          1

Your spell library contained the following spells:

 Spells                   Type           Power        Failure   Level
 Dazzling Flash           Conj/Hex       ###...       4%          3
 Inner Flame              Hex/Fire       ###.....     4%          3
 Sting                    Tmut/Pois      #...         9%          1
 Ignite Poison            Fire/Tmut/Pois ###.....     9%          3
 Mephitic Cloud           Conj/Pois/Air  ###.....     9%          3
 Poisonous Vapours        Pois/Air       #.....       14%         2
 Confusing Touch          Hex            #.......     26%         3
 Gell's Gravitas          Tloc           #.........   26%         3
 Olgreb's Toxic Radiance  Pois           #.......     65%         4
 Petrify                  Tmut/Erth      #.......     65%         4
 Metabolic Englaciation   Hex/Ice        #.........   94%         5
 Yara's Violent Unravell  Hex/Tmut       #.........   94%         5


Dungeon Overview and Level Annotations

Branches:
Dungeon (8/15)             Temple (1/1) D:4         Ossuary (visited)
   Lair: D:8-11

Altars:
Ashenzari
Cheibriados
Dithmenos
Elyvilon
Fedhas
Gozag
Hepliaklqana
Kikubaaqudgha
Makhleb
Nemelex Xobeh
Okawaru
Qazlal
Ru
Sif Muna
Trog
Uskayaw
Vehumet
Wu Jian
Xom
Yredelemnul
Zin


Innate Abilities, Weirdness & Mutations

You are resistant to torment.
Your stone body is resilient. (AC +7)
You are immune to poison.
You resist negative energy. (rN+)
You are resistant to electric shocks. (rElec)
You can survive without breathing.
You are immune to petrification.
You are immune to rotting.


Message History

Aim: a two-headed ogre, wielding a +0 giant club and a +0 giant spiked club The sticky flame hits the two-headed ogre.
The two-headed ogre is lightly wounded.
The two-headed ogre is covered in liquid flames!
The two-headed ogre burns!
The two-headed ogre hits you with a +0 giant club!
The two-headed ogre hits you but does no damage.
Casting: Sticky Flame (dangerous; 3% risk of failure)
Confirm with . or Enter, or press ? or * to list all spells.
Aiming: Sticky Flame (dangerous; 3% risk of failure)
Press: ? - help, Shift-Dir - straight line, f/p - two-headed ogre
Aim: a two-headed ogre, wielding a +0 giant club and a +0 giant spiked club (lightly wounded, covered in liquid flames)
The sticky flame hits the two-headed ogre!
The two-headed ogre is moderately wounded.
The two-headed ogre is covered in liquid flames!
The two-headed ogre burns!
The two-headed ogre hits you with a +0 giant club!
* * * LOW HITPOINT WARNING * * *
The two-headed ogre hits you with a +0 giant spiked club!
You die...

#≈. #≈O #≈.
#####≈.
≈≈≈≈≈≈.
.......#####
#.....v§§..#
......##.#O#
#.... y#@#
.Y$. y###
.## .. ##


You could see a two-headed ogre (burning).

Vanquished Creatures
  Maggie (D:7)
  Prince Ribbit (D:5)
  Sigmund (D:5)
  Menkaure (D:5)
  Duvessa (D:6)
  A water moccasin (D:5)
  2 sky beasts
  An ice beast (D:7)
  An orc warrior (D:7)
  2 phantoms
  2 ogres
  A necrophage (D:7)
  A centaur (D:7)
  A big kobold (D:3)
  Blork the orc (D:4)
  5 water moccasin zombies (Ossuary)
  2 bullfrogs
  Dowan (D:6)
  2 scorpions
  3 killer bees
  A wight (D:7)
  A centaur zombie (D:5)
  10 orc wizards
  A quasit (D:6)
  A hound (D:6)
  2 jellies (D:6)
  A bullfrog zombie (D:5)
  4 orc priests
  3 iguanas
  3 worker ants
  Terence (D:2)
  5 big kobold zombies (Ossuary)
  2 mummies (Ossuary)
  4 gnolls (D:6)
  7 adders
  3 ufetubi
  5 adder zombies (Ossuary)
  2 oozes (D:3)
  2 adder skeletons (D:5)
  2 worms (D:5)
  2 dart slugs
  7 leopard geckos
  17 orcs
  A bat (D:2)
  3 giant cockroaches
  2 gnoll zombies (Ossuary)
  3 goblins (D:1)
  8 hobgoblins
  5 jackals
  4 kobolds
  5 quokkas
  2 frilled lizards (D:1)
  4 hobgoblin zombies (Ossuary)
  4 kobold zombies (Ossuary)
  2 orc zombies (Ossuary)
  6 rats
166 creatures vanquished.

Vanquished Creatures (others)
  1077 foxfires
  A plant (Temple)
1078 creatures vanquished.

Grand Total: 1244 creatures vanquished

Notes
Turn   | Place    | Note
-------+----------+-------------------------------------------
     0 | D:1      | oldriver the Gargoyle Fire Elementalist began the quest for
                  | the Orb.
     0 | D:1      | Reached XP level 1. HP: 10/10 MP: 3/3
   338 | D:1      | Reached XP level 2. HP: 15/15 MP: 3/5
  1216 | D:2      | Reached XP level 3. HP: 19/19 MP: 2/6
  1313 | D:2      | Noticed Terence
  1326 | D:2      | Killed Terence
  1355 | D:2      | Reached XP level 4. HP: 24/24 MP: 0/7
  2129 | D:2      | Learned a level 3 spell: Conjure Flame
  2308 | D:3      | Found a faded altar of an unknown god.
  2651 | D:3      | Reached XP level 5. HP: 28/28 MP: 4/9
  2927 | D:3      | Reached XP level 6. HP: 12/32 MP: 0/11
  3342 | D:3      | Learned a level 4 spell: Sticky Flame
  3348 | D:3      | Learned a level 5 spell: Fireball
  3789 | D:4      | Reached skill level 5 in Fire Magic
  3807 | D:4      | Reached XP level 7. HP: 36/36 MP: 0/13
  4609 | D:4      | Noticed Blork the orc
  4623 | D:4      | Killed Blork the orc
  4892 | D:4      | Found a staircase to the Ecumenical Temple.
  5173 | Temple   | Entered the Ecumenical Temple
  5336 | Temple   | Became a worshipper of Vehumet
  5416 | D:5      | Entered Level 5 of the Dungeon
  5416 | D:5      | Noticed Prince Ribbit
  5423 | D:5      | Killed Prince Ribbit
  5423 | D:5      | Reached skill level 5 in Spellcasting
  5423 | D:5      | Reached XP level 8. HP: 41/41 MP: 7/15
  5528 | D:5      | Reached skill level 5 in Conjurations
  5650 | D:5      | Noticed Menkaure
  5657 | D:5      | Killed Menkaure
  6174 | D:5      | Noticed Sigmund
  6182 | D:5      | Killed Sigmund
  6641 | D:6      | Reached XP level 9. HP: 39/45 MP: 9/18
  6680 | D:6      | Found a sand-covered staircase.
  6728 | Ossuary  | Entered an ossuary
  7354 | Ossuary  | Reached * piety under Vehumet
  7354 | Ossuary  | Offered knowledge of Shock by Vehumet.
  8179 | D:6      | Noticed Duvessa
  8182 | D:6      | Learned a level 1 spell: Shock
  8187 | D:6      | Noticed Dowan
  8218 | D:6      | Killed Duvessa
  8518 | D:6      | Killed Dowan
  8518 | D:6      | Offered knowledge of Sandblast by Vehumet.
  8816 | D:6      | Reached ** piety under Vehumet
  9423 | D:7      | Found an ornate altar of the Wu Jian Council.
  9608 | D:7      | Noticed Maggie
  9625 | D:7      | Killed Maggie
  9625 | D:7      | Reached XP level 10. HP: 31/51 MP: 0/21
 10303 | D:8      | Noticed a two-headed ogre
 10307 | D:7      | Offered knowledge of Dazzling Flash by Vehumet.
 10444 | D:8      | Slain by a two-headed ogre

Illustrated notes

Levels and vault maps discovered:
D:1:      onia_arrival_mini_maze, layout_basic
D:2:      layout_loops_ring, uniq_terence
D:3:      layout_loops_cross, chequers_ecumenical_altar_simple_redux
D:4:      layout_layer_cave, minmay_temple_entry_proselytizer,
          uniq_blork_the_orc
D:5:      layout_cave_pools, minmay_fountain_box, uniq_sigmund, uniq_menkaure,
          uniq_prince_ribbit1
D:6:      layout_loops_cross, nicolae_ossuary_entry_plus, minmay_between,
          uniq_duvessa
D:7:      layout_cave_pools, basic_altar, minmay_checkerbox, uniq_maggie
D:8:      cheibrodos_histonic, layout_basic, enter_bailey_3,
          nicolae_ru_path_of_blood, uniq_maurice
Temple:   kilobyte_greek_temple

Skill      XL: |  1  2  3  4  5  6  7  8  9 10 |
---------------+-------------------------------+-----
Conjurations   | 2 3 4 6 7 8 |  8.1
Fire Magic     | 4 5 6 8 |  8.6
Spellcasting   | 3 4 5 6 7 8 |  8.1
Stealth        | 3 |  3.4
Dodging        | 2 |  2.5
Fighting       | |  0.5
Short Blades   | |  0.1
Unarmed Combat | |  0.8

Action                   |  1- 3 |  4- 6 |  7- 9 | 10-12 || total
-------------------------+-------+-------+-------+-------++-------
Melee: Unarmed           |     6 |       |       |       ||     6
       Mace              |       |    14 |       |       ||    14
       Dagger            |       |       |    54 |     1 ||    55
 Cast: Foxfire           |    55 |   143 |   457 |    47 ||   702
       Sticky Flame      |       |       |     7 |     8 ||    15
       Conjure Flame     |       |       |    10 |     1 ||    11
  Use: Scroll            |       |     8 |     2 |       ||    10
       Potion            |       |       |     1 |       ||     1
Armor: Robe              |     6 |    12 |    85 |     6 ||   109
Dodge: Dodged            |    17 |    14 |   150 |    11 ||   192

Table legend: (Time is in decaauts)
 A = Elapsed time spent in this place.
 B = Non-inter-level travel time spent in this place.
 C = Inter-level travel time spent in this place.
 D = Time resting spent in this place.
 E = Time spent auto-exploring this place.
 F = Levels seen in this place.
 G = Mean time per level.
                   A        B        C        D        E       F      G
               +--------+--------+--------+--------+--------+-----+--------+
         Total |  10447 |  10091 |    356 |   3048 |   5168 |  10 | 1044.7 |
       Dungeon |   9017 |   8732 |    285 |   2254 |   4946 |   8 | 1127.1 |
        Temple |    199 |    129 |     70 |      0 |    127 |   1 |  199.0 |
       Ossuary |   1229 |   1229 |      0 |    794 |     95 |   1 | 1229.0 |
               +--------+--------+--------+--------+--------+-----+--------+

Top non-repeatable levels by time:
     D:3: 1554 daAuts
     D:4: 1523 daAuts
     D:5: 1372 daAuts
     D:6: 1298 daAuts
 Ossuary: 1229 daAuts
     D:1: 1209 daAuts
     D:7: 1116 daAuts
     D:2: 929 daAuts
  Temple: 199 daAuts
     D:8: 13 daAuts
